 Dungeon Crawl Stone Soup version 0.29-a0-542-g075992c915 (webtiles) character file.

Game seed: 18181146172241652762

119939 freelancePsychic the Scorcher (level 16, -3/139 HPs)
             Began as a Yellow Draconian Conjurer on June 3, 2022.
             Was a High Priest of Vehumet.
             Slain by a fenstrider witch (12 damage)
             ... while paralysed by a fenstrider witch
             ... on level 3 of the Swamp.
             The game lasted 01:26:39 (39891 turns).

freelancePsychic the Scorcher (DrCj)               Turns: 39891, Time: 01:26:40

Health: -3/139     AC: 19    Str: 10    XL:     16   Next: 28%
Magic:  30/30      EV:  2    Int: 25    God:    Vehumet [*****.]
Gold:   1055       SH:  0    Dex: 11    Spells: 6/35 levels left

rFire   + + .      SeeInvis .   b - staff of fire
rCold   + . .      Faith    .   F - +5 kite shield {AC+3}
rNeg    + + .      Spirit   .   (body armour unavailable)
rPois   +          Reflect  .   (helmet restricted)
rElec   .          Harm     .   r - +0 cloak
rCorr   +          Rampage  .   w - +2 pair of gloves
Will    +....                   f - +2 pair of boots
Stlth   ++........              O - amulet "Juhohuv" {rN+ Regen+}
HPRegen 1.13/turn               B - ring of protection from cold
MPRegen 0.22/turn               Q - ring of Nickimp {rPois rF+ rN+ rCorr}

@: paralysed
A: spit acid, AC +9, unfitting armour, acidic bite, cold-blooded, acid
resistance
a: Breathe Acid, Renounce Religion


You were on level 3 of the Swamp.
You worshipped Vehumet.
Vehumet was extremely pleased with you.
You visited 6 branches of the dungeon, and saw 28 of its levels.
You also visited: Bailey, Gauntlet, Ice Cave and Volcano.

You collected 2512 gold pieces.
You spent 1457 gold pieces at shops.

Inventory:

Hand Weapons
 a - a +3 demon whip of venom
Missiles
 z - 8 throwing nets
 E - 4 curare-tipped darts
Armour
 f - a +2 pair of boots (worn)
 r - a +0 cloak (worn)
 w - a +2 pair of gloves (worn)
 y - the +0 cloak "Egyit" {rF- Int+7}
   (You bought it in a shop on level 2 of the Orcish Mines)

   Int:       It affects your intelligence (+7).
   rF:        It makes you vulnerable to fire.
 F - a +5 kite shield of protection (worn)
 J - a +2 tower shield of cold resistance
Magical Staves
 b - a staff of fire (weapon)
Jewellery
 m - the ring "Xyaheupo" {rPois Str+2 Int+4 Slay+4}
   (You found it in a Gauntlet)

   [ring of slaying]

   Str:       It affects your strength (+2).
   Int:       It affects your intelligence (+4).
   Slay:      It affects your accuracy & damage with ranged weapons and melee
   (+4).
   rPois:     It protects you from poison.
 B - a ring of protection from cold (left hand)
 M - the ring of Siann {Fire Will+++ Str-5 Dex+4 SInv}
   (You acquired it on level 13 of the Dungeon)

   [ring of fire]

   It enhances your fire magic.
   Str:       It affects your strength (-5).
   Dex:       It affects your dexterity (+4).
   rF:        It protects you from fire.
   rC:        It makes you vulnerable to cold.
   SInv:      It lets you see invisible.
   Will:      It greatly increases your willpower.
 O - the amulet "Juhohuv" (around neck) {rN+ Regen+}
   (You found it in a Gauntlet)

   [amulet of regeneration]

   rN:        It protects you from negative energy.
   Regen:     It increases your rate of health regeneration.
 Q - the ring of Nickimp (right hand) {rPois rF+ rN+ rCorr}
   (You found it in a Gauntlet)

   [ring of protection from fire]

   rF:        It protects you from fire.
   rPois:     It protects you from poison.
   rN:        It protects you from negative energy.
   rCorr:     It protects you from acid and corrosion.
Wands
 e - a wand of iceblast (2)
 n - a wand of polymorph (5)
 q - a wand of flame (57)
 u - a wand of paralysis (11)
 D - a wand of digging (12)
 R - a wand of acid (4)
 U - a wand of charming (18)
Scrolls
 d - a scroll of immolation
 h - 6 scrolls of identify {@r1}
 i - 4 scrolls of teleportation {@r4}
 k - 3 scrolls of blinking
 s - a scroll of silence
 t - a scroll of fear
 A - 3 scrolls of vulnerability
 N - 2 scrolls of poison
 S - a scroll of amnesia
Potions
 c - 13 potions of curing {@q1}
 g - a potion of heal wounds {@q2}
 j - 2 potions of brilliance
 l - 2 potions of berserk rage
 o - 6 potions of might
 p - 4 potions of attraction
 v - a potion of magic
 x - 2 potions of haste {@q3}
 C - 2 potions of lignification
 G - a potion of ambrosia {unknown}
 H - a potion of degeneration {unknown}
 I - 5 potions of mutation
 K - a potion of cancellation {unknown}
 L - 2 potions of flight {unknown}
 P - 2 potions of invisibility {unknown}
 T - 2 potions of resistance {unknown}


   Skills:
 + Level 12.0 Fighting
 - Level 4.5 Maces & Flails
 - Level 7.5 Dodging
 - Level 2.5 Stealth
 + Level 8.8 Shields
 - Level 10.0 Spellcasting
 - Level 12.6 Conjurations
 - Level 6.0 Translocations
 - Level 3.9 Transmutations
 * Level 17.8 Fire Magic


You had 6 spell levels left.
You knew the following spells:

 Your Spells              Type           Power      Damage    Failure   Level
a - Foxfire               Conj/Fire      100%       2x1d9     0%          1
b - Ignition              Fire           50%        3d14      13%         8
c - Inner Flame           Hex/Fire       72%        N/A       1%          3
d - Scorch                Fire           100%       2d10      0%          2
e - Starburst             Conj/Fire      46%        6d13      1%          6
f - Iskenderun's Mystic   Conj/Tloc      56%        2d12      1%          4
h - Irradiate             Conj/Tmut      26%        3d22      3%          5

Your spell library contained the following spells:

 Spells                   Type           Power      Damage    Failure   Level
 Freezing Cloud           Conj/Ice/Air   16%        6-21      16%         5
 Apportation              Tloc           84%        N/A       1%          1
 Magic Dart               Conj           100%       1d8       1%          1
 Searing Ray              Conj           100%       2d8       1%          2
 Dazzling Flash           Conj/Hex       88%        N/A       1%          3
 Flame Wave               Conj/Fire      93%        2d16      1%          4
 Fireball                 Conj/Fire      46%        3d18      1%          5
 Fulminant Prism          Conj/Hex       22%        3d13      2%          4
 Gell's Gravitas          Tloc           42%        N/A       3%          3
 Lesser Beckoning         Tloc           42%        N/A       3%          3
 Teleport Other           Tloc           42%        N/A       3%          3
 Passwall                 Tmut/Erth      18%        N/A       8%          2
 Necrotize                Necr           48%        1d6       12%         1
 Ensorcelled Hibernation  Hex/Ice        24%        N/A       17%         2
 Sublimation of Blood     Necr           12%        N/A       17%         2
 Swiftness                Air            12%        N/A       34%         3
 Vampiric Draining        Necr           12%        2d6       34%         3
 Petrify                  Tmut/Erth      22%        N/A       45%         4
 Summon Forest            Summ/Tloc      13%        N/A       67%         5
 Corpse Rot               Necr/Pois/Air  12%        N/A       75%         4
 Alistair's Intoxication  Tmut/Pois      14%        N/A       82%         5
 Agony                    Necr           12%        N/A       97%         5
 Silence                  Hex/Air        6%         N/A       97%         5
 Summon Mana Viper        Hex/Summ       12%        N/A       97%         5
 Simulacrum               Ice/Necr       6%         N/A       100%        6
 Summon Cactus Giant      Summ           6%         N/A       100%        6
 Disjunction              Tloc           21%        N/A       100%        8


Dungeon Overview and Level Annotations

Branches:
Dungeon (13/15)            Temple (1/1) D:4            Lair (6/6) D:10
  Swamp (2/4) Lair:3        Snake (3/4) Lair:3          Orc (2/2) D:12
    Elf (0/3) Orc:2        Bailey (visited)           IceCv (visited)
Volcano (visited)         Gauntlet (visited)
  Slime: Lair:5-6    Vaults: D:13-14

Altars:
Ashenzari
Cheibriados
Dithmenos
Elyvilon
Fedhas
Gozag
Hepliaklqana
Kikubaaqudgha
Makhleb
Nemelex Xobeh
Okawaru
Qazlal
Ru
Sif Muna
Trog
Uskayaw
Vehumet
Wu Jian
Xom
Yredelemnul
Zin
The Shining One
Beogh

Shops:
D:3 !(   D:6 *   D:10 :   Orc:2 *(([

Annotations:
D:2 1 runed translucent door, Crazy Yiuf
D:9 exclusion: boulder beetle, Maggie
D:13 Snorg
Lair:5 exclusion: oklob plant
Snake:3 Mara


Innate Abilities, Weirdness & Mutations

You can spit globs of acid.
Your golden yellow scales are hard. (AC +9)
You cannot fit into any form of body armour.
You have acidic saliva.
You are cold-blooded and may be slowed by cold attacks.
You are resistant to acid. (rCorr)


Message History

You kill the swamp worm!
Vehumet accepts your kill.
You feel your power returning.
The mangrove smoulders and burns. x2
You hear a shout!
A fenstrider witch comes into view. It is wearing a +1 robe of willpower.
Unknown command.
You enter the shallow water.
Moving in this stuff is going to be slow.
A fenstrider witch comes into view.
The fenstrider witch shouts!
The fenstrider witch gestures at you while chanting.
You suddenly lose the ability to move!
The fenstrider witch shouts!
The fenstrider witch is engulfed in a cloud of scalding steam.
The fenstrider witch casts a spell at you.
You shrug off the repeated paralysis!
The fenstrider witch is engulfed in a cloud of scalding steam.
You can move again.
Unknown command.
You block the fenstrider witch's attack. x2
The fenstrider witch points at you and mumbles some strange words.
You suddenly lose the ability to move!
The fenstrider witch hits you!
The fenstrider witch kicks you but does no damage.
The fenstrider witch barely misses you. The fenstrider witch kicks you!
The fenstrider witch gestures at you while chanting.
Your body is wracked with pain!
The fenstrider witch hits you!
The fenstrider witch kicks you but does no damage.
The fenstrider witch hits you! The fenstrider witch kicks you!
* * * LOW HITPOINT WARNING * * *
The fenstrider witch hits you.
* * * LOW HITPOINT WARNING * * *
The fenstrider witch kicks you!
* * * LOW HITPOINT WARNING * * *
The fenstrider witch hits you but does no damage.
The fenstrider witch kicks you.
* * * LOW HITPOINT WARNING * * *
The fenstrider witch hits you!
You die...

.....≈§. ... ♣....♣≈
♣.[♣ .... #..≈..♣♣≈≈≈♣
≈...♣ ##.....♣≈♣..#♣♣♣#
≈.≈..#♣....≈..≈.♣..≈≈≈
.?..=......♣.....≈..♣
.≈.§.....≈.♣≈..≈≈..≈♣♣♣♣
≈.......@.○♣♣..≈.≈..♣§.♣
§...≈≈.HH≈.≈≈..♣.♣≈..§..
..............°.♣♣..≈≈≈♣
≈.≈≈....≈...♣♣≈†.≈≈≈♣
≈≈......♣♣°♣♣♣♣.≈..♣♣
..≈....♣♣ ♣♣ ♣...♣♣
......♣ ♣♣.♣♣ ≈..≈≈. ♣♣♣
..≈...


You could see 2 fenstrider witches.

Vanquished Creatures
  Saint Roka (Orc:2)
  Jorgrun (Snake:3)
  Frances (Snake:1)
  A fenstrider witch (Swamp:1)
  3 orc warlords
  Aizul (Snake:1)
  A very ugly thing (IceCv)
  An eleionoma (Swamp:2)
  Nessos (Lair:5)
  A minotaur (Gauntlet)
  Josephine (Lair:3)
  A boulder beetle (D:13)
  A vault guard (Bailey)
  6 hydras
  An ice dragon (Swamp:2)
  2 ghost crabs
  2 catoblepae
  Erica (Orc:1)
  2 caustic shrike simulacra (IceCv)
  3 anacondas
  Harold (D:10)
  A centaur warrior (D:9)
  6 two-headed ogres
  16 death yaks
  2 alligators (Swamp:2)
  4 naga warriors
  4 orc high priests (Orc:2)
  2 death scarabs (Gauntlet)
  A naga sharpshooter (Snake:2)
  2 shock serpents (Snake:1)
  A spectral catoblepas (Gauntlet)
  A skeletal warrior (D:9)
  3 goliath frogs (Swamp:1)
  2 bog bodies (Swamp:1)
  4 lindwurms
  3 naga ritualists
  A deep elf pyromancer (D:12)
  4 orc knights
  A necromancer (Gauntlet)
  3 mana vipers
  Pikel (D:6)
  3 manticores
  4 orc sorcerers (Orc:2)
  2 ugly things
  3 cyclopes
  2 will-o-the-wisps (Swamp:1)
  5 salamanders
  2 centaur zombies (D:12)
  2 elephants (Lair:6)
  An ice statue (Gauntlet)
  22 black mambas
  2 torpor snails (Lair:6)
  A guardian serpent (Snake:2)
  9 naga magi
  11 cane toads
  3 molten gargoyles (Volcano)
  2 efreet (Volcano)
  10 komodo dragons
  5 rime drakes
  A tengu conjurer (D:13)
  2 freezing wraiths (IceCv)
  An anaconda simulacrum (IceCv)
  6 trolls
  3 polar bears
  Prince Ribbit (D:9)
  2 hornets
  3 tyrant leeches
  2 dream sheep (Lair:6)
  12 blink frogs
  A spriggan (Swamp:1)
  4 wyverns
  4 shadows
  2 dire elephant simulacra (IceCv)
  3 vampires
  9 basilisks
  5 wraiths
  29 yaks
  7 vampire mosquitoes
  2 humans (Bailey)
  2 steam dragons
  A fire elemental (Volcano)
  7 wargs
  9 swamp worms
  16 nagas
  21 water moccasins
  4 acid dragons
  38 orc warriors
  A swamp drake (Swamp:2)
  A spectral torpor snail (Gauntlet)
  An ice beast (D:8)
  4 sky beasts
  An ettin simulacrum (IceCv)
  A black bear (D:6)
  15 ogres
  8 wolves
  2 centaurs
  3 kobold brigands
  18 bullfrogs
  5 scorpions
  2 earth elementals (Volcano)
  3 necrophages
  A gnoll sergeant (D:9)
  7 wights
  2 lindwurm simulacra (IceCv)
  6 howler monkeys
  4 electric eels (Lair:3)
  4 lava snakes (Lair:3)
  4 hounds
  4 jellies
  28 orc priests
  A gnoll shaman (D:9)
  5 iguanas
  Natasha (D:3)
  17 orc wizards
  Robin (D:3)
  3 mummies
  18 gnolls
  15 adders
  A shadow imp (D:8)
  A white imp (D:6)
  2 ufetubi
  3 worms
  2 dart slugs (D:3)
  73 orcs
  3 ball pythons
  6 bats
  7 endoplasms
  3 giant cockroaches (D:1)
  22 goblins
  14 hobgoblins
  21 kobolds
  6 quokkas
  2 frilled lizards (D:3)
  5 rats
738 creatures vanquished.

Vanquished Creatures (collateral kills)
  A vault guard (Bailey)
  A foxfire (Lair:3)
2 creatures vanquished.

Vanquished Creatures (others)
  A molten gargoyle (Volcano)
  130 foxfires
  34 fungi
  54 plants
219 creatures vanquished.

Grand Total: 959 creatures vanquished

Notes
Turn   | Place    | Note
-------+----------+-------------------------------------------
     0 | D:1      | freelancePsychic the Draconian Conjurer began the quest for
                  | the Orb.
     0 | D:1      | Reached XP level 1. HP: 14/14 MP: 3/3
   274 | D:1      | Reached XP level 2. HP: 22/22 MP: 3/5
   678 | D:1      | Reached skill level 1 in Fighting
   771 | D:1      | Reached skill level 1 in Translocations
  1146 | D:1      | Reached XP level 3. HP: 28/28 MP: 4/6
  1268 | D:2      | Found a faded altar of an unknown god.
  1269 | D:2      | Noticed a floating eye
  1291 | D:2      | Noticed an eye of devastation
  1295 | D:2      | Noticed a floating eye
  1295 | D:2      | Noticed a great orb of eyes
  1381 | D:2      | Learned a level 2 spell: Searing Ray
  2298 | D:2      | Reached XP level 4. HP: 36/36 MP: 1/7
  2583 | D:2      | Found a runed translucent door.
  2584 | D:2      | Noticed Crazy Yiuf
  2848 | D:3      | Found Araamnuq's Weapon Emporium.
  2853 | D:3      | Bought a +0 quarterstaff for 52 gold pieces
  2947 | D:3      | Found Joyjiuq's Distillery.
  2955 | D:3      | Bought a potion of curing for 33 gold pieces
  3045 | D:3      | Noticed Robin
  3058 | D:3      | Killed Robin
  3356 | D:3      | Reached XP level 5. HP: 41/41 MP: 6/9
  3582 | D:3      | Found a snail-covered altar of Cheibriados.
  4387 | D:4      | Noticed Natasha
  4409 | D:3      | Killed Natasha
  4608 | D:4      | Found a staircase to the Ecumenical Temple.
  4632 | Temple   | Entered the Ecumenical Temple
  4663 | Temple   | Became a worshipper of Vehumet
  4874 | D:4      | Reached skill level 5 in Conjurations
  4962 | D:4      | Reached XP level 6. HP: 33/51 MP: 0/10
  5228 | D:4      | Learned a level 4 spell: Iskenderun's Mystic Blast
  5833 | D:5      | Entered Level 5 of the Dungeon
  5857 | D:5      | Noticed a water moccasin
  5873 | D:5      | Noticed a water moccasin
  5882 | D:5      | Killed a water moccasin
  5883 | D:5      | Your scales start taking on a golden yellow colour.
  5883 | D:5      | Reached XP level 7. HP: 48/58 MP: 6/12
  5883 | D:5      | Gained mutation: You are resistant to acid. (rCorr) [Yellow
                  | Draconian growth]
  6137 | D:5      | Reached * piety under Vehumet
  6137 | D:5      | Offered knowledge of Foxfire by Vehumet.
  6886 | D:6      | Reached skill level 5 in Fighting
  6886 | D:6      | Reached XP level 8. HP: 68/68 MP: 10/14
  7149 | D:6      | Reached skill level 5 in Translocations
  7309 | D:6      | Noticed Pikel
  7321 | D:6      | Killed Pikel
  7859 | D:6      | Found Ramam's Fire Supplies.
  7903 | D:6      | Bought a staff of fire for 250 gold pieces
  8186 | D:7      | Found a hide-covered altar of Uskayaw.
  8187 | D:7      | Found an iron altar of Okawaru.
  8192 | D:7      | Reached skill level 1 in Fire Magic
  8192 | D:7      | Reached XP level 9. HP: 78/78 MP: 10/15
  8260 | D:7      | Found a bloodstained altar of Trog.
  8456 | D:7      | Noticed a red ugly thing
  8632 | D:6      | Learned a level 1 spell: Foxfire
  8644 | D:7      | Reached skill level 2 in Fire Magic
  9195 | D:7      | Killed a red ugly thing
  9196 | D:7      | Reached skill level 3 in Fire Magic
  9535 | D:8      | Reached skill level 1 in Shields
  9556 | D:8      | Reached skill level 4 in Fire Magic
  9641 | D:8      | Offered knowledge of Freeze by Vehumet.
  9910 | D:8      | Reached ** piety under Vehumet
  9914 | D:8      | Learned a level 2 spell: Scorch
 10275 | D:8      | Noticed a troll
 10304 | D:8      | Killed a troll
 10305 | D:8      | Reached XP level 10. HP: 74/89 MP: 9/16
 10831 | D:9      | Found a flagged portal.
 10873 | Bailey   | Entered a bailey
 10959 | Bailey   | Reached skill level 5 in Fire Magic
 11016 | Bailey   | Offered knowledge of Conjure Flame by Vehumet.
 11076 | Bailey   | Noticed a vault guard
 11093 | Bailey   | Killed a vault guard
 11104 | Bailey   | Reached skill level 6 in Fire Magic
 11208 | Bailey   | Noticed a vault guard
 11231 | Bailey   | Killed a vault guard
 11507 | D:9      | Found a glowing silver altar of Zin.
 11553 | D:9      | Reached *** piety under Vehumet
 11660 | D:9      | Noticed Prince Ribbit
 11667 | D:9      | Killed Prince Ribbit
 11883 | D:9      | Reached skill level 7 in Fire Magic
 12131 | D:9      | Noticed Maggie
 12321 | D:9      | Noticed a centaur warrior
 12328 | D:9      | Killed a centaur warrior
 12329 | D:9      | Reached XP level 11. HP: 55/99 MP: 9/17
 12534 | D:9      | Noticed a skeletal warrior
 12562 | D:9      | Killed a skeletal warrior
 12563 | D:9      | Reached skill level 5 in Shields
 12563 | D:9      | Reached skill level 10 in Conjurations
 13160 | D:9      | Reached skill level 10 in Fighting
 13237 | D:9      | Reached skill level 8 in Fire Magic
 13291 | D:9      | Noticed an orc knight
 13382 | D:9      | Killed an orc knight
 13631 | D:9      | Noticed a boulder beetle
 13641 | D:9      | Identified the +10 plate armour of Mumblety Peg {Int+3}
 13670 | D:10     | Entered Level 10 of the Dungeon
 13962 | D:10     | Found a white marble altar of Elyvilon.
 13962 | D:10     | Found an ornate altar of the Wu Jian Council.
 14157 | D:10     | Noticed a two-headed ogre
 14184 | D:10     | Killed a two-headed ogre
 14184 | D:10     | Offered knowledge of Inner Flame by Vehumet.
 14189 | D:10     | Learned a level 3 spell: Inner Flame
 14290 | D:10     | Found a staircase to the Lair.
 14451 | D:10     | Found Kaos's Book Emporium.
 14701 | D:10     | Found a blossoming altar of Fedhas.
 14749 | D:10     | Noticed Harold
 14754 | D:10     | Killed Harold
 14755 | D:10     | Reached skill level 9 in Fire Magic
 14911 | Lair:1   | Entered Level 1 of the Lair of Beasts
 15021 | Lair:1   | Reached skill level 5 in Spellcasting
 15167 | Lair:1   | Reached **** piety under Vehumet
 15204 | Lair:1   | Reached skill level 10 in Fire Magic
 15217 | Lair:1   | Offered knowledge of Yara's Violent Unravelling by Vehumet.
 15218 | Lair:1   | Reached XP level 12. HP: 79/106 MP: 1/20
 15259 | Lair:1   | Found a dark tunnel.
 15264 | Volcano  | Entered a volcano
 17151 | Lair:1   | Reached skill level 1 in Maces & Flails
 18480 | Lair:2   | Found the +6 shillelagh "Devastator" {shatter}
 18769 | Lair:2   | Found a hazy altar of Hepliaklqana.
 19444 | Lair:3   | Reached skill level 11 in Fire Magic
 19562 | Lair:3   | Found a staircase to the Snake Pit.
 20186 | Lair:3   | Found a staircase to the Swamp.
 20221 | Lair:3   | Learned a level 5 spell: Irradiate
 20427 | D:6      | Bought the Compendium of Heat for 460 gold pieces
 20434 | D:6      | Learned a level 6 spell: Starburst
 21673 | Lair:4   | Reached skill level 1 in Transmutations
 22016 | Lair:4   | Noticed a four-headed hydra
 22021 | Lair:4   | Killed a four-headed hydra
 22391 | Lair:4   | Reached XP level 13. HP: 116/116 MP: 15/22
 23312 | Lair:5   | Noticed Nessos
 23319 | Lair:5   | Killed Nessos
 24368 | Lair:6   | Entered Level 6 of the Lair of Beasts
 26581 | Lair:5   | Reached skill level 12 in Fire Magic
 26899 | Lair:6   | Reached ***** piety under Vehumet
 28039 | Lair:6   | Gained mutation: You have acidic saliva. [Yellow Draconian
                  | growth]
 28039 | Lair:6   | Reached XP level 14. HP: 126/126 MP: 24/26
 28069 | Lair:6   | Offered knowledge of Sticky Flame by Vehumet.
 28280 | Lair:6   | Learned a level 8 spell: Ignition
 28452 | D:11     | Reached skill level 5 in Dodging
 29512 | D:12     | Found a gate leading to a gauntlet.
 29517 | Gauntlet | Entered a Gauntlet
 29517 | Gauntlet | Found a transporter.
 29517 | Gauntlet | Found a transporter.
 29518 | Gauntlet | Found a transporter.
 29521 | Gauntlet | Found a transporter.
 29521 | Gauntlet | Found a transporter.
 29523 | Gauntlet | Found a transporter.
 29531 | Gauntlet | Found a transporter.
 29535 | Gauntlet | Found a transporter.
 29550 | Gauntlet | Found a transporter.
 29551 | Gauntlet | Found a transporter.
 29571 | Gauntlet | Found a transporter.
 29573 | Gauntlet | Found a transporter.
 29741 | Gauntlet | Reached skill level 13 in Fire Magic
 29843 | Gauntlet | Identified the ring "Xyaheupo" {rPois Str+2 Int+4 Slay+4}
 29863 | Gauntlet | Identified the amulet "Juhohuv" {rN+ Regen+}
 30047 | Gauntlet | Identified the ring of Nickimp {rPois rF+ rN+ rCorr}
 30183 | Gauntlet | Identified the +2 robe "Hucsaiqu" {Contam rC++ MP+9 SInv}
 30183 | Gauntlet | Identified the +0 ring mail of Omio {rElec rPois Str-5
                  | SInv}
 30184 | Gauntlet | Got the Compendium of Evil Translocation
 30348 | D:12     | Found a staircase to the Orcish Mines.
 30641 | D:12     | Found a shimmering blue altar of Sif Muna.
 31084 | D:13     | Identified a scroll of acquirement
 31092 | D:13     | Acquired the ring of Siann {Fire Will+++ Str-5 Dex+4 SInv}
 31338 | D:13     | Noticed Snorg
 31392 | Orc:1    | Entered Level 1 of the Orcish Mines
 31395 | Orc:1    | Noticed an orc warlord
 31504 | D:12     | Killed an orc warlord
 31505 | D:12     | Reached skill level 14 in Fire Magic
 31744 | Orc:1    | Noticed Erica
 31749 | Orc:1    | Killed Erica
 31909 | Orc:2    | Entered Level 2 of the Orcish Mines
 32247 | Orc:2    | Noticed an orc warlord
 32253 | Orc:2    | Killed an orc warlord
 32521 | Orc:2    | Found a staircase to the Elven Halls.
 32844 | Orc:2    | Offered knowledge of Airstrike by Vehumet.
 33332 | Orc:2    | Found Binaodyf's Antique Weapon Shoppe.
 33455 | Orc:2    | Noticed Saint Roka
 33477 | Orc:2    | Killed Saint Roka
 33478 | Orc:2    | Reached XP level 15. HP: 118/132 MP: 8/28
 33828 | Orc:2    | Found Piudyvyh's Assorted Antiques.
 34078 | Orc:2    | Noticed an orc warlord
 34084 | Orc:2    | Killed an orc warlord
 34314 | Orc:2    | Reached skill level 15 in Fire Magic
 34461 | Orc:2    | Found Qiqastra's Antique Armour Boutique.
 34465 | Orc:2    | Reached skill level 10 in Spellcasting
 34527 | Orc:2    | Bought a spiked cloak for 370 gold pieces
 34527 | Orc:2    | Identified the +0 cloak "Egyit" {rF- Int+7} (You bought it
                  | in a shop on level 2 of the Orcish Mines)
 34527 | Orc:2    | Bought a glowing kite shield for 292 gold pieces
 34551 | Orc:2    | Found Woanneu's Weapon Shop.
 34848 | Snake:1  | Entered Level 1 of the Snake Pit
 34860 | Snake:1  | Noticed Aizul
 34873 | Snake:1  | Killed Aizul
 35740 | Snake:1  | Noticed Frances
 35759 | Snake:1  | Killed Frances
 36304 | Snake:2  | Reached skill level 16 in Fire Magic
 36486 | Snake:2  | Offered knowledge of Lee's Rapid Deconstruction by Vehumet.
 37586 | Snake:3  | Noticed Jorgrun
 37656 | Snake:3  | Noticed Mara
 37678 | Snake:3  | Noticed freelancePsychic's illusion
 37922 | Snake:3  | Killed Jorgrun
 38205 | Swamp:1  | Entered Level 1 of the Swamp
 38205 | Swamp:1  | Noticed Josephine
 38224 | Lair:3   | Killed Josephine
 38225 | Lair:3   | Reached skill level 17 in Fire Magic
 38359 | Swamp:1  | Reached XP level 16. HP: 115/139 MP: 13/30
 38608 | Swamp:1  | Paralysed by a fenstrider witch for 2 turns
 39402 | Swamp:2  | Found a frozen archway.
 39486 | IceCv    | Entered an ice cave
 39490 | IceCv    | Offered knowledge of Freezing Cloud by Vehumet.
 39494 | IceCv    | Found a transporter.
 39512 | IceCv    | Found a transporter.
 39828 | Swamp:2  | You fall into a shaft and drop 1 floor!
 39882 | Swamp:3  | Paralysed by a fenstrider witch for 4 turns
 39887 | Swamp:3  | Paralysed by a fenstrider witch for 5 turns
 39891 | Swamp:3  | Slain by a fenstrider witch

Illustrated notes

Levels and vault maps discovered:
D:1:      shiori_shiawase, layout_basic
D:2:      layout_loops_corners, hellmonk_ecumenical_altar_watching_god,
          uniq_crazy_yiuf_cottage
D:3:      layout_loops_corners, slow_altar_2, serial_shops,
          nicolae_shop_advertising_works [nicolae_subvault_shop_adworks],
          nicolae_shop_hallway_plus, nicolae_underground_beach, uniq_robin
D:4:      wad_river_or_something, layout_rooms,
          minmay_fractal_squares_gapless_5, uniq_natasha
D:5:      layout_loops_ring
D:6:      layout_loops_ring, chequers_serial_rivers_large_b, st_stairs_11,
          nicolae_shop_fire_sale [nicolae_sub_dead_trees],
          minmay_tree_intersection, hex_tiny, uniq_pikel
D:7:      layout_basic, grunt_temple_overflow_open, serial_corexii_hall,
          chequers_hall_statues_corner_a, chequers_hall_statues_wall_a
D:8:      layout_basic, palyth_stone_intersect, grunt_ministairs_9
D:9:      layout_loops_ring, zin_academy, enter_bailey_4,
          nicolae_zen_rock_garden, minmay_evil_grid, uniq_prince_ribbit1,
          uniq_maggie
D:10:     layout_basic, fedhas_altar_1, jmf_multi_god_temple, lair_entry_dummy,
          serial_shops, shop, uniq_harold
D:11:     layout_roguey, kennysheep_generic_room_9
D:12:     layout_roguey, david_orc_3, serial_undead, serial_undead_d,
          serial_undead_f, serial_undead_d, serial_undead_c,
          gauntlet_entry_generic, kennysheep_orc_sif_temple
D:13:     layout_cave_pools, erik_vaults_2, uniq_snorg
Temple:   eino_temple_lava
Lair:1:   layout_layer_cave, nicolae_volcano_entry_s_turn,
          chequers_serial_rivers_room_b, grunt_megastairs_4
Lair:2:   layout_small_grid, basic_altar
Lair:3:   layout_cave_shapes, swamp_mist_pool, minmay_snake_entry_six_corridors,
          nicolae_lair_liquid_snakes
Lair:4:   layout_regular_city, chequers_serial_rivers_micro_a,
          nicolae_lair_grove_arrangements
Lair:5:   layout_regular_city, minmay_slime_entry_oklob_enclosed, uniq_nessos
Lair:6:   hangedman_lair_in_review, layout_hall_layers, serial_bayou_shore_b
Swamp:1:  layout_basic_swamp, nicolae_swamp_ascending_descending_big,
          uniq_josephine
Swamp:2:  layout_basic_swamp, portal_ice_cave_entry_dragon,
          evilmike_swamp_ruin_house_3
Swamp:3:  nzn_winding_woodlands_three_and_one
          [nzn_winding_woodlands_5x15_sidewinder,
          nzn_winding_woodlands_5x15_jagged,
          nzn_winding_woodlands_5x15_pathside_ponds,
          nzn_winding_woodlands_center_pierced_h], layout_basic_swamp,
          ebering_ghost_funeral_grove, evilmike_swamp_ruin_rubble_1,
          swamp_pool1, nicolae_swamp_rocky_clearing
Snake:1:  layout_misc_corridors, lemuel_fruit_tree, uniq_frances, uniq_aizul
Snake:2:  layout_misc_corridors, nicolae_snake_gridmaze_tees
Snake:3:  layout_cave_town, ebering_ghost_inner_flame, minmay_shoptagon,
          uniq_mara, uniq_jorgrun
Orc:1:    layout_caves, uniq_erica
Orc:2:    pubby_orc_utopia, serial_shops

Skill      XL: |  1  2  3  4  5  6  7  8  9 10 11 12 13 14 15 16 |
---------------+-------------------------------------------------+-----
Fighting       | 1 2 3 5 6 8 9 10 11 12 | 12.0
Translocations | 1 2 3 4 6 |  6.0
Spellcasting   | 3 4 5 6 8 9 10 | 10.0
Conjurations   | 5 6 7 8 9 10 11 12 | 12.6
Fire Magic     | 1 4 7 10 11 12 14 17 | 17.8
Shields        | 2 4 5 7 8 |  8.8
Stealth        | 2 |  2.5
Dodging        | 2 3 4 7 |  7.5
Maces & Flails | 4 |  4.5
Transmutations | 2 3 |  3.9

Action                   |  1- 3 |  4- 6 |  7- 9 | 10-12 | 13-15 | 16-18 || total
-------------------------+-------+-------+-------+-------+-------+-------++-------
Melee: Whip              |    18 |     2 |       |       |       |       ||    20
       Tailslap          |     2 |     1 |     6 |    15 |    55 |     1 ||    80
       Quarterstaff      |       |    13 |    22 |       |       |       ||    35
       Staff             |       |       |       |     9 |   106 |     1 ||   116
       Demon whip        |       |       |       |    57 |   139 |     7 ||   203
       Bite              |       |       |       |       |    21 |       ||    21
 Cast: Magic Dart        |    48 |       |       |       |       |       ||    48
       Searing Ray       |    11 |    45 |    43 |    44 |       |       ||   143
       Iskenderun's Myst |       |       |    11 |    18 |     6 |       ||    35
       Scorch            |       |       |    12 |   175 |    74 |     1 ||   262
       Foxfire           |       |       |    12 |    41 |    18 |       ||    71
       Inner Flame       |       |       |       |    45 |    68 |       ||   113
       Starburst         |       |       |       |     9 |   225 |    28 ||   262
       Irradiate         |       |       |       |       |    93 |    18 ||   111
       Ignition          |       |       |       |       |     2 |     3 ||     5
 Abil: Breathe Acid      |       |       |    16 |    27 |     3 |       ||    46
Evoke: Wand              |       |       |       |     7 |       |       ||     7
  Use: Scroll            |     2 |     6 |    11 |    10 |    23 |     2 ||    54
       Potion            |       |     2 |       |     9 |     6 |       ||    17
Armor: Skin              |     9 |    24 |    53 |    69 |   163 |    29 ||   347
Dodge: Dodged            |    15 |    49 |    63 |   126 |   280 |    26 ||   559
Block: Buckler           |       |       |     6 |    49 |   117 |       ||   172
       Kite shield       |       |       |       |       |   104 |    30 ||   134

Table legend: (Time is in decaauts)
 A = Elapsed time spent in this place.
 B = Non-inter-level travel time spent in this place.
 C = Inter-level travel time spent in this place.
 D = Time resting spent in this place.
 E = Time spent auto-exploring this place.
 F = Levels seen in this place.
 G = Mean time per level.
                   A        B        C        D        E       F      G
               +--------+--------+--------+--------+--------+-----+--------+
         Total |  40035 |  38361 |   1674 |   3231 |  29767 |  32 | 1251.1 |
       Dungeon |  17152 |  16371 |    781 |    884 |  13399 |  13 | 1319.4 |
        Temple |     39 |     32 |      7 |      0 |      0 |   1 |   39.0 |
          Lair |  12169 |  11512 |    657 |   1366 |   8655 |   6 | 2028.2 |
         Swamp |   1489 |   1479 |     10 |    154 |   1066 |   3 |  496.3 |
     Snake Pit |   3311 |   3176 |    135 |    441 |   2316 |   3 | 1103.7 |
  Orcish Mines |   3165 |   3083 |     82 |      0 |   2534 |   2 | 1582.5 |
        Bailey |    600 |    600 |      0 |      0 |    462 |   1 |  600.0 |
      Ice Cave |    167 |    167 |      0 |      0 |    122 |   1 |  167.0 |
       Volcano |   1272 |   1272 |      0 |    135 |    959 |   1 | 1272.0 |
      Gauntlet |    667 |    667 |      0 |    250 |    252 |   1 |  667.0 |
               +--------+--------+--------+--------+--------+-----+--------+

Top non-repeatable levels by time:
   Orc:2: 2821 daAuts
  Lair:6: 2579 daAuts
     D:9: 2555 daAuts
  Lair:3: 2187 daAuts
  Lair:4: 2069 daAuts
  Lair:5: 2029 daAuts
  Lair:1: 1870 daAuts
 Snake:2: 1795 daAuts
     D:3: 1585 daAuts
     D:4: 1575 daAuts
 Snake:1: 1453 daAuts
  Lair:2: 1432 daAuts
     D:6: 1387 daAuts
    D:10: 1358 daAuts
     D:2: 1344 daAuts
